 Dungeon Crawl Stone Soup version 0.31.0-11-ge490571c62 (webtiles) character file.

Game seed: 7529863361223540321

39 qw the Shooter (level 3, -1/20 HPs)
             Began as a Deep Elf Hunter on Feb 4, 2024.
             Slain by Sigmund
             ... wielding a +0 scythe
              (9 damage)
             ... on level 2 of the Dungeon.
             The game lasted 00:00:25 (1105 turns).

qw the Shooter (Deep Elf Hunter)                    Turns: 1105, Time: 00:00:25

Health: -1/20      AC:  3    Str: 10    XL:     3   Next: 26%
Magic:  5/5        EV: 12    Int: 13    God:
Gold:   63         SH:  0    Dex: 18    Spells: 2/2 levels left

rFire   . . .        a - +0 shortbow
rCold   . . .        (shield currently unavailable)
rNeg    . . .        c - +0 leather armour
rPois   .            (no helmet)
rElec   .            (no cloak)
rCorr   .            (no gloves)
SInv    .            (no boots)
Will    .....        (no amulet)
Stlth   ++           (no ring)
HPRegen 0.23/turn    (no ring)
MPRegen 0.09/turn

%: no passive effects
@: no status effects
A: no striking features
a: no special abilities


You were on level 2 of the Dungeon.
You visited 1 branch of the dungeon, and saw 2 of its levels.

You collected 63 gold pieces.


   Skills:
 - Level 1.5 Fighting
 + Level 6.8 Ranged Weapons
 - Level 2.4 Dodging
 - Level 1.2 Stealth


You had 2 spell levels left.
You didn't know any spells.
Your spell library was empty.

Inventory:

Hand Weapons
 a - a +0 shortbow (weapon)
Armour
 b - a +0 ring mail
 c - a +0 leather armour (worn)
Scrolls
 e - 2 scrolls of teleportation
 i - a scroll of revelation {unknown}
Potions
 d - a potion of ambrosia {unknown}
 f - a potion of heal wounds {unknown}
 h - a potion of resistance {unknown}

Dungeon Overview and Level Annotations

Branches:
Dungeon (2/15)

Altars:

Annotations:
D:2 Sigmund


Message History

1087 ||| FLEEEEING.
You start resting.
Sigmund is nearby!
1089 ||| FLEEEEING.
1090 ||| FLEEEEING.
1091 ||| FLEEEEING.
You start resting.
Sigmund is nearby!
You shoot an arrow. The arrow barely misses Sigmund.
Sigmund hits you from afar with a +0 scythe.
You shoot an arrow. The arrow hits Sigmund.
Sigmund is lightly wounded.
You shoot an arrow. The arrow closely misses Sigmund.
Sigmund hits you from afar with a +0 scythe.
You shoot an arrow. The arrow closely misses Sigmund.
Sigmund misses you.
You shoot an arrow.
The arrow hits Sigmund but does no damage.
Sigmund is lightly wounded.
Sigmund hits you but does no damage.
You shoot an arrow.
The arrow hits Sigmund but does no damage.
Sigmund is lightly wounded.
You shoot an arrow. The arrow hits Sigmund.
Sigmund is moderately wounded.
Sigmund barely misses you.
You shoot an arrow. The arrow hits Sigmund.
Sigmund is heavily wounded.
Sigmund casts a spell at you. The puff of flame hits you!
You shoot an arrow. The arrow closely misses Sigmund.
Sigmund closely misses you.
You shoot an arrow. The arrow barely misses Sigmund.
Sigmund barely misses you.
You shoot an arrow. The arrow hits Sigmund!
Sigmund is almost dead.
You shoot an arrow. The arrow closely misses Sigmund.
Sigmund hits you from afar with a +0 scythe!
You die...
Sigmund begins carving another notch in his scythe.

..........##......##
#.................#
............#.....#
..........#..####.#
#.........##...##.#
#.........####.##.#
#...[.....# #.%..#
###########
###..##### #@.....#
#..###.### ####@##
#...##
#....#####...#
#>.........###
#..########## #...@
#.... ......


You could see Sigmund.

Vanquished Creatures
  2 dart slugs (D:1)
  3 bats
  2 endoplasms
  4 giant cockroaches
  4 goblins
  A hobgoblin (D:2)
  3 jackals (D:2)
  3 quokkas
  A frilled lizard (D:2)
  2 kobolds
  6 rats (D:1)
31 creatures vanquished.

Notes
Turn   | Place    | Note
-------+----------+-------------------------------------------
     0 | D:1      | qw the Deep Elf Hunter began the quest for the Orb.
     0 | D:1      | Reached XP level 1. HP: 12/12 MP: 3/3
     0 | D:1      | 0 ||| qw: Version: 0.3-a-160-g6735b56
     0 | D:1      | 0 ||| qw: Game counter: 6053
     0 | D:1      | 0 ||| qw: Melee chars always use a shield: true
     0 | D:1      | 0 ||| qw: God list: Okawaru
     0 | D:1      | 0 ||| qw: Allow faded altars: false
     0 | D:1      | 0 ||| qw: Do Orc after clearing Dungeon:15 true
     0 | D:1      | 0 ||| qw: Do second Lair branch before Depths: true
     0 | D:1      | 0 ||| qw: Lair rune preference: random
     0 | D:1      | 0 ||| qw: Goals: Normal
     0 | D:1      | 0 ||| PLANNING D:1-11
   115 | D:1      | Found a faded altar of an unknown god.
   320 | D:1      | Reached skill level 6 in Ranged Weapons
   320 | D:1      | Reached XP level 2. HP: 16/16 MP: 4/4
   726 | D:1      | 726 ||| READING 3 scrolls labelled REYMUJO QYGEL.
   729 | D:1      | 729 ||| READING scroll labelled SYUK HUELAR.
   730 | D:1      | 730 ||| DRINKING 2 sapphire potions.
   731 | D:1      | 731 ||| DROPPING scroll of butterflies.
   755 | D:2      | 755 ||| STAIRDANCE
   759 | D:2      | 759 ||| STAIRDANCE
   868 | D:2      | Reached XP level 3. HP: 11/20 MP: 5/5
  1084 | D:2      | Noticed Sigmund
  1086 | D:2      | 1086 ||| DRINKING potion of curing.
  1086 | D:2      | 1086 ||| (to cure confusion)
  1087 | D:2      | 1087 ||| FLEEEEING.
  1089 | D:2      | 1089 ||| FLEEEEING.
  1090 | D:2      | 1090 ||| FLEEEEING.
  1091 | D:2      | 1091 ||| FLEEEEING.
  1105 | D:2      | Slain by Sigmund

Levels and vault maps discovered:
D:1:      minmay_arrival_open_corners, layout_loops_ring,
          hellmonk_ecumenical_altar_defaced_shrine, serial_bayou_ford_a,
          kennysheep_pointless_box
D:2:      layout_rooms, uniq_sigmund

Skill      XL: |  1 |
---------------+----+-----
Ranged Weapons | 6 |  6.8
Fighting       | |  1.5
Dodging        | |  2.4
Stealth        | |  1.2

Action                     || total
---------------------------++-------
   Fire: Shortbow          ||    82
    Use: Scroll            ||     2
         Potion            ||     2
 Armour: Leather armour    ||    27
  Dodge: Dodged            ||    27

Table legend:
 A = Non-vault XP
 B = Vault XP
 C = Vault XP percentage of total XP
 D = Non-vault monster count
 E = Vault monster count
 F = Vault count percentage of total count
                 A         B        C        D         E       F
            +---------+---------+-------+---------+---------+-------
      Total |      51 |       5 |   8.9 |      27 |       4 |  12.9
            +---------+---------+-------+---------+---------+-------
        D:1 |      26 |       5 |  16.1 |      13 |       4 |  23.5
        D:2 |      25 |       0 |   0.0 |      14 |       0 |   0.0
            +---------+---------+-------+---------+---------+-------
